 Dungeon Crawl Stone Soup version 0.17.1-3-g152610e (webtiles) character file.

207 Jerry the Covered (level 5, -8/45 HPs)
             Began as a Hill Orc Fighter on Mar 13, 2016.
             Killed from afar by a gargoyle (21 damage)
             ... with a stone arrow
             ... on level 4 of the Dungeon.
             The game lasted 00:13:20 (2767 turns).

Jerry the Covered (Hill Orc Fighter)                Turns: 2767, Time: 00:13:20

Health: -8/45      AC:  9    Str: 27    XL:     5   Next: 85%
Magic:  5/5        EV: 10    Int:  9    God:
Gold:   156        SH:  0    Dex: 17    Spells: 0 memorised, 4 levels left

rFire  . . .     SeeInvis .     s - +1 battleaxe of Plunder {vamp, *Contam *Corrode Str+3 Dex+7} (curse)
rCold  . . .     Clarity  .     b - +0 scale mail
rNeg   . . .     SustAt   .     (shield currently unavailable)
rPois  .         Gourm    +     (no helmet)
rElec  .         Spirit   .     (no cloak)
rCorr  .         Warding  .     h - +1 pair of gloves
rMut   .         Stasis   .     (no boots)
MR     .....                    w - amulet of the gourmand
Stlth  ..........               (no ring)
                                (no ring)

@: mighty, not resistant to hostile enchantments, extremely unstealthy
A: no striking features
a: no special abilities


You were on level 4 of the Dungeon.
You were not hungry.

You visited 1 branch of the dungeon, and saw 4 of its levels.

You collected 156 gold pieces.

Inventory:

Hand Weapons
 a - a +0 war axe
 s - the cursed +1 battleaxe of Plunder (weapon) {vamp, *Contam *Corrode Str+3 Dex+7}
   (You found it on level 4 of the Dungeon)

   It inflicts no extra harm, but heals its wielder somewhat when it strikes a
   living foe.
   It affects your strength (+3).
   It affects your dexterity (+7).
   It causes magical contamination when unequipped.
   It may corrode your equipment when you take damage.
   It has a curse placed upon it.
Missiles
 q - 17 stones (quivered)
Armour
 b - a +0 scale mail (worn)
 c - a +0 shield
 h - a +1 pair of gloves (worn)
Jewellery
 w - an amulet of the gourmand (around neck)
Wands
 r - a wand of digging (21)
Scrolls
 g - a scroll of fog
 i - a scroll of fear {unknown}
 j - a scroll of recharging
 k - a scroll of enchant weapon {unknown}
 n - a scroll of remove curse
Potions
 l - 2 potions of lignification
 m - a potion of resistance {unknown}
 p - a potion of cancellation {unknown}
 t - 3 potions of curing
 u - a potion of poison {unknown}
 v - a potion of flight {unknown}
Comestibles
 e - 2 bread rations
 f - a royal jelly
 o - 2 meat rations


   Skills:
 - Level 3.6 Fighting
 + Level 4.6 Axes
 + Level 5.0 Armour
 + Level 4.8 Shields


You had 4 spell levels left.
You didn't know any spells.

Dungeon Overview and Level Annotations

Branches:
Dungeon (4/15)
 Temple: D:4-7

Altars:
Makhleb
Nemelex Xobeh
Okawaru
Yredelemnul


Message History

Nemelex Xobeh says, "You lose!"
Your surroundings suddenly seem different.
Drink which item? (? for menu, Esc to quit)
You feel very mighty all of a sudden.
The gargoyle hits you with an enchanted flail!
You hit the gargoyle but do no damage.
The gargoyle hits you with an enchanted flail.
The gargoyle misses you.
You barely miss the gargoyle.
The gargoyle hits you but does no damage.
You slash the gargoyle!
The gargoyle is moderately damaged.
The gargoyle hurls a stone arrow at you.
The stone arrow hits you!
* * * LOW HITPOINT WARNING * * *
You slash the gargoyle!
The gargoyle is heavily damaged.
The gargoyle hurls a stone arrow at you.
The stone arrow hits you!
You die...

### ..# #.#
#.#▓▓▓▓▓▓▓###▓▓▓▓▓▓▓
..#▓⌠.©.⌠▓§.§▓⌠.©.⌠▓
..#▓.....▓._.▓.....▓
..#▓..)..▓...▓.....▓
..#▓.....▓...▓.9...▓
..#▓⌠...⌠▓...▓⌠.@.⌠▓
###▓▓▓▓▓▓▓...▓▓▓▓▓▓▓
).## ###'## ....
#.#.# #..#
#..^###### #..#
#........# #..#
###..####.# ... .#
#..# ..####.# #..#


You could see a gargoyle.

Vanquished Creatures
  A hound (D:4)
  Natasha (thrice) (D:2)
  A worker ant (D:4)
  3 adders
  3 oozes
  3 worms
  4 giant geckos
  4 orcs
  4 ball pythons
  4 bats
  3 giant cockroaches (D:3)
  2 gnoll zombies (D:3)
  7 goblins
  8 hobgoblins
  A giant newt (D:1)
  6 kobolds
  10 rats
67 creatures vanquished.

Notes
Turn   | Place    | Note
--------------------------------------------------------------
     0 | D:1      | Jerry the Hill Orc Fighter began the quest for the Orb.
     0 | D:1      | Reached XP level 1. HP: 19/19 MP: 1/1
    25 | D:1      | Reached XP level 2. HP: 26/26 MP: 2/2
   298 | D:1      | Reached XP level 3. HP: 21/31 MP: 3/3
   582 | D:2      | Noticed Natasha
   611 | D:2      | Killed Natasha
   611 | D:2      | Reached skill level 4 in Armour
   619 | D:2      | Reached XP level 4. HP: 21/39 MP: 4/4
   624 | D:2      | Noticed Natasha
   636 | D:2      | Killed Natasha
   993 | D:2      | Found a burning altar of Makhleb.
  1006 | D:2      | Noticed Natasha
  1016 | D:2      | Killed Natasha
  1252 | D:2      | Found a sparkling altar of Nemelex Xobeh.
  1276 | D:2      | Found an iron altar of Okawaru.
  1707 | D:3      | Reached XP level 5. HP: 41/45 MP: 5/5
  1925 | D:3      | Found a basalt altar of Yredelemnul.
  2444 | D:4      | Got an ominously black robe
  2462 | D:4      | Identified the cursed +0 robe "Dikhliel" {MR+ Str-2 Int+3} (You found it on level 4 of the Dungeon)
  2495 | D:4      | Reached skill level 5 in Armour
  2587 | D:4      | Got a slimy battleaxe
  2588 | D:4      | Identified the cursed +1 battleaxe of Plunder {vamp, *Contam *Corrode Str+3 Dex+7} (You found it on level 4 of the Dungeon)
  2755 | D:4      | Found a sparkling altar of Nemelex Xobeh.
  2755 | D:4      | Noticed a gargoyle
  2767 | D:4      | Killed from afar by a gargoyle

Action                   |  1- 3 |  4- 6 || total
-------------------------+-------+-------++-------
Melee: War axe           |    75 |   145 ||   220
       Battleaxe         |       |     4 ||     4
  Use: Scroll            |       |    13 ||    13
       Potion            |       |     1 ||     1
  Eat: Chunk             |       |    23 ||    23
